 Dungeon Crawl Stone Soup version 0.31-a0-1009-g454b1f1 (webtiles) character file.

Game seed: 8851556397410596753

331 Geeful the Changeling (level 6, -1/41 HPs)
             Began as an Octopode Shapeshifter on Nov 15, 2023.
             Slain by an ice beast (5 damage)
             ... on level 4 of the Dungeon.
             The game lasted 00:06:49 (2774 turns).

Geeful the Changeling (Octopode Shapeshifter)       Turns: 2774, Time: 00:06:49

Health: -1/41      AC:  1    Str: 15    XL:     6   Next: 51%
Magic:  6/6        EV: 13    Int: 13    God:
Gold:   1421       SH:  0    Dex: 11    Spells: 5/5 levels left

rFire   . .          .
                       - Unarmed
rCold   . . .        (no shield)
rNeg    . . .        (helmet currently unavailable)
rPois   .            (no amulet)
rElec   .            (no ring)
rCorr   .            (no ring)
SInv    .            (no ring)
Will    .....        (no ring)
Stlth   ++           (no ring)
HPRegen 0.26/turn    (no ring)
MPRegen 0.10/turn    (no ring)
                     (no ring)

%: no passive effects
@: beast-form, invisible
A: beast (slay +2), almost no armour, amphibious, 8 rings, camouflage 1,
gelatinous body 1, (nimble swimmer 1), tentacles
a: Begin Untransformation


You were on level 4 of the Dungeon.
You were a hulking beast.
You visited 1 branch of the dungeon, and saw 4 of its levels.

You collected 1421 gold pieces.

Inventory:

Jewellery
 k - a ring of wizardry
 m - an amulet of reflection
Talismans
 b - a beast talisman
 c - a flux talisman
Scrolls
 d - 4 scrolls of poison {unknown}
 e - a scroll of immolation
 f - a scroll of enchant weapon {unknown}
 i - 2 scrolls of butterflies {unknown}
 l - 2 scrolls of amnesia
Potions
 a - a potion of lignification
 g - a potion of brilliance


   Skills:
 + Level 2.8 Fighting
 + Level 3.3 Dodging
 + Level 4.1 Unarmed Combat
 * Level 4.7 Shapeshifting


You had 5 spell levels left.
You didn't know any spells.
Your spell library contained the following spells:

 Spells                   Type           Power      Damage    Failure   Level
 Dazzling Flash           Conj/Hex       0%         N/A       67%         3
 Gell's Gravitas          Tloc           0%         N/A       67%         3
 Hailstorm                Conj/Ice       0%         3d3       67%         3
 Teleport Other           Tloc           0%         N/A       67%         3
 Volatile Blastmotes      Fire/Tloc      0%         2d10      67%         3
 Summon Ice Beast         Ice/Summ       0%         N/A       97%         4
 Dispersal                Tloc           0%         N/A       100%        6
 Simulacrum               Ice/Necr       0%         N/A       100%        6
 Starburst                Conj/Fire      0%         6d3       100%        6
 Maxwell's Capacitive Co  Air            0%         ∞         100%        8


Dungeon Overview and Level Annotations

Branches:
Dungeon (4/15)
 Temple: D:4-7

Altars:
Nemelex Xobeh


Innate Abilities, Weirdness & Mutations

You are a hulking beast.
Your limbs bulge with bestial killing power. (Slay +2)
You cannot wear most types of armour.
You are amphibious.
You can wear up to eight rings at the same time.
Your skin changes colour to match your surroundings (Stealth+).
Your rubbery body absorbs attacks. (AC +1, EV +1)
((You are camouflaged when in or above water. (Stealth+)))
You have tentacles for arms and can constrict up to eight enemies at once.


Message History

You're too confused to move!
The ice beast closely misses you.
You tentacle-slap the ice beast.
The ice beast is lightly wounded.
The ice beast hits you. The ice beast freezes you!
You bump into the rock wall.
You feel less invigorated.
You feel less confused. The ice beast closely misses you.
You tentacle-slap the ice beast.
You squeeze the ice beast, but do no damage.
The ice beast is moderately wounded.
The ice beast hits you. The ice beast freezes you!
* * * LOW HITPOINT WARNING * * *
It was a potion of invisibility.
You fade into invisibility!
The ice beast misses you.
Okay, then.
You tentacle-slap the ice beast but do no damage.
Your squeeze misses the ice beast.
The ice beast is moderately wounded.
The ice beast closely misses you.
You tentacle-slap the ice beast.
The ice beast is moderately wounded.
The ice beast barely misses you.
You bludgeon the ice beast! You squeeze the ice beast.
The ice beast is almost dead.
The ice beast misses you.
You barely miss the ice beast.
The ice beast is almost dead.
The ice beast hits you.
* * * LOW HITPOINT WARNING * * *
The ice beast freezes you.
* * * LOW HITPOINT WARNING * * *
You barely miss the ice beast.
You tentacle-slap the ice beast, but do no damage.
The ice beast is almost dead.
The ice beast misses you.
You tentacle-slap the ice beast.
The ice beast is almost dead.
The ice beast hits you.
You die...

.###...###.....##..####'####
...............#.........#
...............#.........#
.##............#.........#
###............#)........#
[..............#.........#
.##....##..##..##..###..##
######'##..##..###+###..##
#....#.......#hY.......#
.......#.......'.........#
.##....##..##..#######..##
#....##..##### .....
#......... ....## #.........
.Y..# ...... ....# ....#
...J#


You could see an ice beast (unable to see you).

Vanquished Creatures
  A phantom (D:4)
  Blork the orc (D:4)
  Crazy Yiuf (D:2)
  Jessica (D:2)
  An orc wizard (D:4)
  3 gnolls (D:4)
  An adder (D:3)
  A dart slug (D:4)
  6 orcs
  3 ball pythons
  10 bats
  5 endoplasms
  2 giant cockroaches (D:1)
  7 goblins
  5 hobgoblins
  A jackal (D:1)
  A quokka (D:1)
  3 frilled lizards (D:2)
  6 kobolds
  7 rats
66 creatures vanquished.

Notes
Turn   | Place    | Note
-------+----------+-------------------------------------------
     0 | D:1      | Geeful the Octopode Shapeshifter began the quest for the
                  | Orb.
     0 | D:1      | Reached XP level 1. HP: 13/13 MP: 1/1
    98 | D:1      | Found a faded altar of an unknown god.
   272 | D:1      | Reached XP level 2. HP: 18/18 MP: 2/2
   582 | D:1      | Reached XP level 3. HP: 23/23 MP: 3/3
   826 | D:1      | Identified a scroll of acquirement
   826 | D:1      | Acquired 1047 gold pieces
  1013 | D:2      | Noticed Jessica
  1016 | D:2      | Killed Jessica
  1069 | D:2      | Found a runed translucent door.
  1101 | D:2      | Reached XP level 4. HP: 26/29 MP: 4/4
  1573 | D:2      | Noticed Crazy Yiuf
  1581 | D:2      | Killed Crazy Yiuf
  1970 | D:3      | Found a sparkling altar of Nemelex Xobeh.
  1986 | D:3      | Reached XP level 5. HP: 28/34 MP: 5/5
  2262 | D:4      | Noticed a phantom
  2270 | D:4      | Killed a phantom
  2308 | D:4      | Reached XP level 6. HP: 41/41 MP: 6/6
  2614 | D:4      | Noticed Blork the orc
  2620 | D:4      | Killed Blork the orc
  2753 | D:4      | Noticed an ice beast
  2774 | D:4      | Slain by an ice beast

Illustrated notes

Levels and vault maps discovered:
D:1:      dpeg_arrival_simpleton_a, layout_basic,
          hellmonk_ecumenical_altar_pennies_from_heaven,
          hangedman_feature_mirror, minmay_octomino_e4
D:2:      wander_river, layout_basic, uniq_jessica, uniq_crazy_yiuf_cottage
D:3:      layout_rooms, mainiacjoe_overflow_brackets, kennysheep_crisscross
D:4:      layout_gridville, uniq_blork_the_orc

Skill      XL: |  1  2  3  4  5  6 |
---------------+-------------------+-----
Fighting       | 2 |  2.8
Shapeshifting  | 4 |  4.7
Dodging        | 3 |  3.3
Unarmed Combat | 4 |  4.1

Action                     |  1- 3 |  4- 6 || total
---------------------------+-------+-------++-------
  Melee: Unarmed           |    43 |    81 ||   124
         Constrict         |    13 |    18 ||    31
         Punch             |     2 |     2 ||     4
         Tentacles         |     8 |    19 ||    27
    Use: Scroll            |     5 |     1 ||     6
         Potion            |       |     3 ||     3
   Stab: Sleeping          |     4 |    11 ||    15
 Armour: Skin              |    14 |    29 ||    43
  Dodge: Dodged            |    36 |    37 ||    73

Table legend: (Time is in decaauts)
 A = Elapsed time spent in this place.
 B = Non-inter-level travel time spent in this place.
 C = Inter-level travel time spent in this place.
 D = Time resting spent in this place.
 E = Time spent auto-exploring this place.
 F = Levels seen in this place.
 G = Mean time per level.
                   A        B        C        D        E       F      G
               +--------+--------+--------+--------+--------+-----+--------+
         Total |   2764 |   2634 |    130 |      0 |   2226 |   4 |  691.0 |
       Dungeon |   2764 |   2634 |    130 |      0 |   2226 |   4 |  691.0 |
               +--------+--------+--------+--------+--------+-----+--------+

Top non-repeatable levels by time:
     D:1: 861 daAuts
     D:2: 756 daAuts
     D:4: 589 daAuts
     D:3: 556 daAuts
